 Dungeon Crawl Stone Soup version 0.31-a0-1278-g11c5b68f87 (console) character file.

Game seed: 10874884471580018401

662 marcantony the Sneak (level 7, -4/38 (55) HPs)
             Began as a Formicid Delver on Dec 18, 2023.
             Was an Initiate of Vehumet.
             Slain by an iguana (13 damage)
             ... on level 7 of the Dungeon.
             The game lasted 00:24:37 (6764 turns).

marcantony the Sneak (Formicid Delver)              Turns: 6764, Time: 00:24:38

HP:   -4/38 (55)    AC:  3    Str: 16    XL:     7   Next: 87%
MP:   11/11         EV: 12    Int: 12    God:    Vehumet [......]
Gold: 27            SH:  0    Dex: 15    Spells: 6/11 levels left

rFire   + . .        b - +1 dagger (venom)
rCold   + . .        (no shield)
rNeg    . . .        v - +0 leather armour
rPois   .            (helmet unavailable)
rElec   .            C - scarf {rC+ rF+}
rCorr   .            (no gloves)
SInv    +            (no boots)
Will    .....        (no amulet)
Stlth   +++          (no ring)
HPRegen 0.26/turn    (no ring)
MPRegen 0.12/turn

%: no passive effects
@: very heavily drained
A: permanent stasis, dig shafts and tunnels, antennae 3, four strong arms
a: Dig, Shaft Self, Renounce Religion


You were on level 7 of the Dungeon.
You worshipped Vehumet.
Vehumet was noncommittal.
You visited 1 branch of the dungeon, and saw 9 of its levels.

You collected 259 gold pieces.
You spent 232 gold pieces at shops.

Inventory:

Hand Weapons
 a - the +3 shortbow "Sarcophage" {heavy, rN+ Str+3 Int+4}
   (You bought it in a shop on level 4 of the Dungeon)

   Str+3:     It affects your strength (+3).
   Int+4:     It affects your intelligence (+4).
   rN+:       It protects you from negative energy.
 b - a +1 dagger of venom (weapon)
 c - a +4 dagger of holy wrath
 d - a +0 quarterstaff
 A - a +0 heavy falchion
 E - a +0 sling
Missiles
 i - 8 boomerangs
 w - 9 poisoned darts (quivered)
Armour
 v - a +0 leather armour (worn)
 C - a scarf of resistance (worn)
Jewellery
 r - a ring of protection from fire
 F - a ring of ice
Wands
 f - a wand of digging (8)
 g - a wand of polymorph (6)
 z - a wand of flame (4)
Scrolls
 e - 2 scrolls of identify {unknown}
 n - 2 scrolls of enchant armour {unknown}
 o - 2 scrolls of noise {unknown}
 u - a scroll of fog
 y - a scroll of immolation {unknown}
 B - 2 scrolls of teleportation {unknown}
 D - a scroll of revelation
 G - a scroll of blinking {unknown}
Potions
 h - a potion of curing {unknown}
 j - 2 potions of might {unknown}
 k - 3 potions of magic {unknown}
 l - a potion of heal wounds {unknown}
 m - 2 potions of enlightenment {unknown}
 p - a potion of attraction {unknown}
 q - 3 potions of haste {unknown}
 s - a potion of berserk rage {unknown}
 t - a potion of invisibility {unknown}
 x - a potion of resistance {unknown}


   Skills:
 * Level 4.7 Fighting
 + Level 3.1 Maces & Flails
 + Level 1.4 Ranged Weapons
 + Level 2.0 Armour
 + Level 2.6 Dodging
 - Level 6.0 Stealth
 * Level 2.6 Spellcasting
 * Level 2.5 Conjurations
 + Level 2.9 Necromancy
 + Level 0.1 Fire Magic
 - Level 2.0 Evocations


You had 6 spell levels left.
You knew the following spells:

 Your Spells              Type           Power      Damage    Failure   Level
a - Kiss of Death         Conj/Necr      32%        2d7       11%         1
b - Flame Wave            Conj/Fire      4%         2d5       87%         4

Your spell library contained the following spells:

 Spells                   Type           Power      Damage    Failure   Level
 Scorch                   Fire           4%         2d5       41%         2
 Dazzling Flash           Conj/Hex       8%         N/A       50%         3
 Volatile Blastmotes      Fire/Tloc      2%         2d10      65%         3
 Confusing Touch          Hex            1%         N/A       67%         3
 Dispel Undead            Necr           8%         3d8       67%         4
 Starburst                Conj/Fire      2%         6d3       100%        6
 Summon Cactus Giant      Summ           0%         N/A       100%        6
 Maxwell's Capacitive Co  Air            0%         ∞         100%        8


Dungeon Overview and Level Annotations

Branches:
Dungeon (9/15)
 Temple: D:4-7         Lair: D:8-11         Orc: D:9-12

Altars:
Cheibriados
Nemelex Xobeh
Okawaru
Vehumet

Shops:
D:4 (

Annotations:
D:5 exclusion: 2 downstairs


Innate Abilities, Weirdness & Mutations

You cannot be hasted, slowed, berserked, paralysed or teleported.
You can dig through walls and to a lower floor.
You have a pair of large antennae on your head. (SInv)
Your four strong arms can wield two-handed weapons with a shield.


Message History

Vehumet accepts your kill.
Your Armour skill increases to level 2!
Unknown command.
You feel stronger.
You feel clever.
a - the +3 shortbow "Sarcophage" (weapon)
{heavy, rN+ Str+3 Int+4} You start resting.
Magic restored.
You start resting.
HP restored.
There is a stone staircase leading down, spattered with blood here.
You see here a bullfrog corpse.
w - 9 poisoned darts (gained 1)
Found a stone staircase leading up.
G - a scroll labelled NASERO ANUNUE
There is a stone staircase leading up here.
You climb upwards.
The iguana hisses angrily.
Found a fizzy orange potion and 23 gold pieces.
There is a stone staircase leading down here.
You shoot an arrow. The arrow barely misses the iguana.
You shoot an arrow. The arrow barely misses the iguana.
You shoot an arrow. The arrow barely misses the iguana.
You shoot an arrow.
The arrow hits the iguana but does no damage.
The iguana closely misses you.
Your +1 dagger of venom begins to drip with poison!
b - a +1 dagger of venom (weapon)
The iguana bites you!
You hit the iguana.
The iguana is poisoned.
The iguana is lightly wounded.
The iguana closely misses you.
You hit the iguana.
The iguana looks as sick as possible!
The iguana is lightly wounded.
The iguana bites you!
You hit the iguana but do no damage.
The iguana looks as sick as possible!
The iguana is moderately wounded.
The iguana bites you!
* * * LOW HITPOINT WARNING * * *
The iguana attacks as it pursues you! The iguana bites you!
You die...

...# #..# # $.#
.. ... ...#
##.### .....
....# #
#....#.#.#.#.##
#.....>l.......
#.......@.####.
##.....#..#
......##....
#..... #.##.#
#..... #.# .#
#.... #.. .
..... ### #


You could see an iguana (extremely poisoned).

Vanquished Creatures
  A bullfrog (D:8)
  A scorpion (D:4)
  3 hounds
  An orc priest (D:8)
  A sleepcap (D:4)
  Jessica (D:2)
  3 iguanas (D:5)
  3 orc wizards
  7 gnolls
  2 adders
  3 ufetubi (D:5)
  A worm (D:4)
  2 dart slugs
  11 orcs
  8 endoplasms
  3 giant cockroaches
  7 goblins
  8 hobgoblins
  10 jackals
  5 quokkas
  7 ball pythons
  8 bats
  5 frilled lizards
  10 kobolds
  4 rats
115 creatures vanquished.

Notes
Turn   | Place    | Note
-------+----------+-------------------------------------------
     0 | D:5      | marcantony the Formicid Delver began the quest for the Orb.
     0 | D:5      | Reached XP level 1. HP: 18/18 MP: 1/1
    33 | D:6      | Noticed a howler monkey
    63 | D:5      | Noticed a water moccasin
   142 | D:4      | Noticed a hound
   158 | D:4      | Reached skill level 1 in Spellcasting
   158 | D:4      | Reached skill level 1 in Evocations
   158 | D:4      | Reached XP level 2. HP: 24/24 MP: 1/3
   176 | D:4      | Noticed a scorpion
   182 | D:4      | You fall into a shaft and drop 2 floors!
   501 | D:4      | Learned a level 1 spell: Kiss of Death
   532 | D:4      | Found an iron altar of Okawaru.
   616 | D:2      | Noticed Jessica
   642 | D:2      | Reached XP level 3. HP: 29/29 MP: 5/5
   911 | D:1      | Reached XP level 4. HP: 30/35 MP: 6/6
  1585 | D:1      | Found a faded altar of an unknown god.
  1871 | D:2      | Reached skill level 1 in Necromancy
  1914 | D:2      | Found a snail-covered altar of Cheibriados.
  2302 | D:2      | Reached XP level 5. HP: 42/42 MP: 7/7
  2483 | D:2      | Killed Jessica
  2484 | D:2      | Reached skill level 1 in Conjurations
  2866 | D:3      | Found a radiant altar of Vehumet.
  3017 | D:3      | Became a worshipper of Vehumet
  3096 | D:4      | Reached XP level 6. HP: 48/48 MP: 9/9
  3207 | D:3      | Reached skill level 1 in Armour
  4047 | D:4      | Found Teowemurph's Antique Weapon Boutique.
  4726 | D:5      | Reached skill level 1 in Ranged Weapons
  4726 | D:5      | Reached XP level 7. HP: 14/49 MP: 8/10
  5359 | D:4      | Bought a steaming shortbow for 232 gold pieces
  5359 | D:4      | Identified the +3 shortbow "Sarcophage" {heavy, rN+ Str+3
                  | Int+4} (You bought it in a shop on level 4 of the Dungeon)
  5478 | D:5      | Learned a level 4 spell: Flame Wave
  5726 | D:5      | Found a sparkling altar of Nemelex Xobeh.
  6492 | D:5      | You fall into a shaft and drop 3 floors!
  6764 | D:7      | Slain by an iguana

Illustrated notes

Levels and vault maps discovered:
D:1:      amcnicky_arrival_choice, layout_basic,
          shapermc_ecumenical_altar_acropolis, minmay_hexomino_u4
D:2:      layout_loops_ring, basic_altar, uniq_jessica
D:3:      layout_rooms, vehumet_altar_wand_db, hex_medium,
          grunt_decor_mini_mirrors
D:4:      layout_loops_corners, okawaru_trees_2, serial_shops,
          nicolae_shop_real_fake_doors, minivault_27, serial_park_tiny_pond
D:5:      layout_loops_ring, lemuel_round_altar, minmay_holes,
          lemuel_flame_loot_1
D:6:      layout_basic, nicolae_ru_path_of_blood,
          nicolae_overflow_hidden_temple, minmay_temple_entry_mini_moons
D:7:      layout_loops_cross, serial_shops, nicolae_shop_behind_doors,
          minivault_26
D:8:      layout_loops_ring, lemuel_round_altar,
          grunt_temple_overflow_gold_and_silver, minmay_misc_feat_plants
D:9:      layout_roguey, mainiacjoe_overflow_tiny_flanked,
          nicolae_where_there's_smoke

Skill      XL: |  1  2  3  4  5  6  7 |
---------------+----------------------+-----
Spellcasting   | 1 2 |  2.6
Evocations     | 1 2 |  2.0
Necromancy     | 1 2 |  2.9
Dodging        | 2 |  2.6
Conjurations   | 1 2 |  2.5
Fighting       | 4 |  4.7
Armour         | 1 2 |  2.0
Ranged Weapons | 1 |  1.4
Maces & Flails | 3 |  3.1
Stealth        | |  6.0
Fire Magic     | |  0.1

Action                     |  1- 3 |  4- 6 |  7- 9 || total
---------------------------+-------+-------+-------++-------
  Melee: Mace              |    85 |   162 |    30 ||   277
         Punch             |     1 |     2 |       ||     3
         Dagger            |       |     6 |    21 ||    27
         Quarterstaff      |       |       |    11 ||    11
   Fire: Sling             |       |    65 |    12 ||    77
         Shortbow          |       |       |    27 ||    27
  Throw: Dart              |       |     3 |     4 ||     7
   Cast: Kiss of Death     |       |     3 |     3 ||     6
Ability: Shaft Self        |     1 |       |     1 ||     2
         Dig               |     1 |       |       ||     1
  Evoke: Wand              |     3 |       |       ||     3
    Use: Scroll            |       |     1 |       ||     1
   Stab: Sleeping          |     4 |    17 |       ||    21
 Armour: Leather armour    |    52 |   130 |    59 ||   241
  Dodge: Dodged            |    79 |   132 |    60 ||   271

Table legend: (Time is in decaauts)
 A = Elapsed time spent in this place.
 B = Non-inter-level travel time spent in this place.
 C = Inter-level travel time spent in this place.
 D = Time resting spent in this place.
 E = Time spent auto-exploring this place.
 F = Levels seen in this place.
 G = Mean time per level.
                   A        B        C        D        E       F      G
               +--------+--------+--------+--------+--------+-----+--------+
         Total |   6889 |   6302 |    587 |   1491 |   3001 |   9 |  765.4 |
       Dungeon |   6889 |   6302 |    587 |   1491 |   3001 |   9 |  765.4 |
               +--------+--------+--------+--------+--------+-----+--------+

Top non-repeatable levels by time:
     D:4: 1819 daAuts
     D:5: 1496 daAuts
     D:2: 1135 daAuts
     D:1: 1089 daAuts
     D:3: 839 daAuts
     D:6: 234 daAuts
     D:8: 191 daAuts
     D:9: 70 daAuts
     D:7: 12 daAuts
